Map: King's Cove LE

Players

Darksidezoom - Winner!

  • Race: Zerg Zerg
  • League: Diamond
  • Spawn Location: 5:00

Haak

  • Race: Terran Terran
  • League: Diamond
  • Spawn Location: 11:00

VOD

Have the link to the VOD?

Description

Time

  • Played on: Jan. 26, 2019, 2:49 p.m.
  • Length: 11:43
Show
View Real Time Build Order
Export as new Build Order

Darksidezoom Zerg - Winner!

Build Orders: Hatch First 

Get SALT Encoding   

  12  0:01  Drone  
  13  0:13  Overlord  
  13  0:18  Drone  
  14  0:31  Drone x2  
  16  0:52  Hatchery  
  16  0:55  Drone  
  16  0:57  Drone  
  16  1:02  Drone  
  18  1:05  Extractor  
  17  1:20  Spawning Pool  
  17  1:22  Drone  
  17  1:26  Drone  
  17  1:29  Drone  
  19  1:39  Overlord  
  19  2:07  Queen x2  
  23  2:09  Zergling x6  
  26  2:22  Drone x2  
  28  2:26  Drone  
  28  2:27  Drone  
  30  2:34  Metabolic Boost  
  30  2:51  Hatchery  
  30  2:56  Overlord  
  29  3:00  Overlord  
  29  3:01  Drone  
  29  3:04  Drone  
  31  3:07  Drone  
  31  3:10  Drone  
  33  3:20  Baneling Nest  
  33  3:21  Drone x2  
  33  3:24  Drone  
  35  3:33  Roach Warren  
  34  3:36  Drone  
  34  3:37  Drone  
  34  3:40  Drone  
  37  3:42  Drone  
  37  3:45  Drone  
  37  3:47  Drone  
  40  3:49  Drone  
  41  4:04  Drone  
  42  4:14  Lair  
  42  4:17  Extractor  
  42  4:18  Drone x2  
  42  4:19  Extractor, Drone x2  
  42  4:20  Drone  
  42  4:21  Drone x3  
  42  4:23  Drone  
  49  4:24  Extractor, Drone x2  
  49  4:28  Drone  
  49  4:30  Queen  
  53  4:42  Drone x4  
  53  4:43  Drone  
  58  4:49  Evolution Chamber  
  58  4:50  Drone  
  58  4:52  Evolution Chamber  
  57  4:53  Drone, Overlord  
  57  4:58  Overlord  
  57  4:59  Overlord  
  58  5:14  Drone  
  58  5:15  Drone x7  
  58  5:20  Zerg Missile Weapons Level 1, Zerg Ground Armor Level 1  
  66  5:25  Drone, Hydralisk Den  
  66  5:32  Drone x5  
  71  5:37  Extractor  
  71  5:39  Drone x3  
  71  5:40  Extractor  
  71  5:41  Drone x2  
  71  5:42  Drone  
  75  5:45  Overlord  
  75  5:49  Queen  
  77  5:55  Roach x2  
  81  6:00  Muscular Augments  
  81  6:16  Overlord x3  
  81  6:21  Baneling x5  
  81  6:33  Hydralisk x10  
  101  6:46  Hydralisk  
  101  6:47  Hydralisk  
  103  6:50  Overlord x6  
  105  7:03  Overlord x3  
  105  7:08  Hydralisk  
  105  7:09  Hydralisk x4  
  105  7:11  Grooved Spines  
  115  7:16  Hydralisk  
  115  7:17  Hydralisk x3  
  115  7:20  Overlord  
  123  7:26  Hydralisk  
  123  7:27  Hydralisk x2  
  123  7:28  Hydralisk  
  131  7:36  Zergling x8  
  131  7:37  Zergling x2  
  134  7:42  Drone  
  134  7:43  Drone x4  
  130  7:55  Hydralisk x6  
  142  8:06  Zerg Ground Armor Level 2, Zerg Missile Weapons Level 2  
  141  8:33  Hydralisk x11  
  153  8:52  Hatchery  
  152  8:59  Hydralisk x8, Infestation Pit  
  167  9:11  Hydralisk x3  
  167  9:12  Hydralisk x2  
  177  9:27  Hydralisk  
  177  9:28  Hydralisk x3  
  185  9:44  Overlord x5  
  177  10:06  Hydralisk x4  
  177  10:07  Hydralisk x7  
  181  10:33  Hydralisk  
  181  10:34  Hydralisk x7  
  163  10:44  Hydralisk  
  163  10:55  Hydralisk x3  
  165  11:14  Hydralisk x6  
Show
View Real Time Build Order
Export as new Build Order

Haak Terran 

Build Orders: Command Center First (CC) 

Get SALT Encoding   

  12  0:01  SCV  
  13  0:13  SCV  
  14  0:19  Supply Depot  
  14  0:25  SCV  
  15  0:40  SCV  
  16  0:54  SCV  
  17  1:05  Command Center  
  17  1:07  SCV  
  18  1:16  Barracks  
  18  1:20  SCV  
  19  1:27  Refinery  
  20  1:32  SCV  
  20  1:40  Barracks  
  20  1:46  SCV  
  22  2:01  SCV  
  22  2:06  Marine  
  23  2:19  Orbital Command x2  
  23  2:27  Marine x2  
  25  2:38  Bunker  
  25  2:46  Marine x2  
  25  2:48  Factory  
  25  2:50  SCV x2  
  29  2:58  Supply Depot  
  29  3:03  SCV x2  
  31  3:11  Marine x2  
  33  3:15  SCV x2  
  35  3:26  Command Center  
  35  3:29  SCV x2  
  35  3:32  Marine x2  
  39  3:39  Starport  
  39  3:41  Factory Reactor  
  39  3:45  Refinery  
  39  3:49  Supply Depot  
  39  3:51  Engineering Bay  
  39  3:54  SCV x2  
  41  3:57  Marine x2  
  43  4:10  SCV x2  
  45  4:28  Barracks x2  
  45  4:30  Medivac x2, Barracks  
  49  4:32  Barracks, SCV x2  
  49  4:36  Refinery  
  51  4:38  Refinery  
  51  4:46  Supply Depot, SCV  
  51  4:47  Supply Depot, SCV  
  51  4:49  SCV  
  54  4:57  Marine  
  54  4:58  Marine  
  56  5:05  Medivac x2  
  60  5:08  Hellion  
  60  5:13  Supply Depot  
  62  5:14  SCV  
  62  5:15  Supply Depot, SCV  
  64  5:22  Barracks Tech Lab x2  
  64  5:32  Factory Reactor  
  64  5:37  Factory  
  64  5:40  Engineering Bay  
  64  5:46  Marine, Marauder  
  64  5:47  Marine x3, Marauder  
  72  5:51  Stimpack  
  72  5:55  Viking  
  74  6:12  Marine x4, Marauder x2  
  74  6:14  SCV x2  
  84  6:26  SCV  
  84  6:27  SCV x2  
  84  6:30  Marine x3  
  90  6:33  Marauder  
  90  6:34  Marauder  
  90  6:38  SCV  
  95  6:52  Planetary Fortress  
  95  6:54  SCV x2  
  97  6:56  Marauder x2  
  101  7:01  Bunker  
  101  7:05  Bunker  
  101  7:11  Supply Depot  
  101  7:12  Terran Infantry Armor Level 1, Supply Depot x2  
  101  7:13  Terran Infantry Weapons Level 1  
  101  7:17  Armory  
  101  7:33  Marine x4, Marauder, SCV x2  
  101  7:34  Marauder  
  111  7:45  SCV  
  106  7:57  Marine x3, Marauder x2  
  106  7:58  Marine  
  111  8:04  Medivac x2  
  111  8:05  Hellion x2  
  120  8:06  Factory Tech Lab  
  120  8:10  SCV  
  120  8:11  SCV x2  
  120  8:12  Factory  
  123  8:19  Refinery  
  123  8:20  Refinery  
  111  8:44  Marine x3, Marauder  
  111  8:45  Marine, Marauder  
  111  8:47  SCV x2  
  111  8:48  SCV  
  122  8:54  Viking  
  124  8:57  Factory Tech Lab  
  124  8:58  Command Center  
  124  8:59  SCV  
  124  9:01  Supply Depot  
  124  9:02  Supply Depot x2  
  125  9:10  Supply Depot  
  125  9:12  Supply Depot  
  125  9:13  Supply Depot  
  125  9:14  Supply Depot  
  125  9:22  Marine, SCV  
  125  9:23  Hellbat x2, Marine x3, SCV x2, Viking, Marauder, Thor  
  125  9:24  Marauder  
  148  9:29  Starport  
  148  9:30  Starport  
  148  9:31  Starport  
  148  9:34  SCV  
  148  9:35  SCV x2  
  148  9:37  Siege Tank  
  154  9:44  Marauder  
  154  9:45  Marauder  
  158  9:46  SCV  
  158  9:47  SCV  
  148  10:08  Marine x3, Marauder x2  
  148  10:09  Marine  
  96  10:48  Siege Tank  
  82  10:51  Siege Tank  
  82  10:52  Widow Mine x2  
  82  11:02  Starport Tech Lab x2  
  82  11:03  Starport Tech Lab  
Tags
 
Add a new tag
Caveats
  • Supply blocks, unpowered buildings, or Contaminate may cause inaccurate times.
  • Supply counts are checked every 10 seconds.